 Dungeon Crawl Stone Soup version 0.31-a0-229-g1fc7ce93e2 (webtiles) character file.

Game seed: 11332538203523910502

853 qw the Shooter (level 8, -1/48 HPs)
             Began as a Gargoyle Hexslinger on July 6, 2023.
             Slain by a gnoll sergeant
             ... wielding a +0 spear
              (12 damage)
             ... on level 6 of the Dungeon.
             The game lasted 00:01:50 (3961 turns).

qw the Shooter (Gargoyle Hexslinger)                Turns: 3961, Time: 00:01:51

Health: -1/48      AC: 11    Str: 12    XL:     8   Next: 1%
Magic:  9/9        EV: 11    Int: 14    God:
Gold:   1058       SH:  0    Dex: 14    Spells: 8/9 levels left

rFire   + . .        Y - +0 shortbow
rCold   + + .        (shield currently unavailable)
rNeg    + . .        o - +0 leather armour of Patience {rF+ rC++}
rPois   inf          b - +0 helmet
rElec   +            c - +0 cloak
rCorr   +            (no gloves)
SInv    +            (no boots)
Will    .....        (no amulet)
Stlth   +            l - ring of resist corrosion
HPRegen 0.28/turn    p - ring of see invisible
MPRegen 0.11/turn

%: no passive effects
@: no status effects
A: sickness immunity, AC +5, negative energy resistance 1, electricity
resistance, torment resistance 1, petrification resistance
a: no special abilities


You were on level 6 of the Dungeon.
You visited 2 branches of the dungeon, and saw 7 of its levels.

You collected 1208 gold pieces.
You spent 150 gold pieces at shops.


Innate Abilities, Weirdness & Mutations

You are immune to sickness and miasma.
Your stone body is resilient. (AC +5)
You are immune to poison.
You resist negative energy. (rN+)
You are resistant to electric shocks. (rElec)
You are resistant to unholy torment.
You are immune to petrification.


   Skills:
 - Level 4.0 Fighting
 + Level 7.7 Ranged Weapons
 - Level 2.7 Armour
 - Level 1.5 Dodging
 - Level 1.0 Spellcasting
 - Level 2.6 Hexes


You had 8 spell levels left.
You knew the following spells:

 Your Spells              Type           Power      Damage    Failure   Level
a - Slow                  Hex            32%        N/A       11%         1

Your spell library contained the following spells:

 Spells                   Type           Power      Damage    Failure   Level
 Inner Flame              Hex/Fire       4%         N/A       50%         3
 Portal Projectile        Hex/Tloc       8%         N/A       50%         3
 Cause Fear               Hex            4%         N/A       73%         4

Inventory:

Hand Weapons
 Y - a +0 shortbow (weapon)
Armour
 b - a +0 helmet (worn)
 c - a +0 cloak (worn)
 o - the +0 leather armour of Patience (worn) {rF+ rC++}
   (You found it on level 4 of the Dungeon)

   rF:        It protects you from fire.
   rC:        It greatly protects you from cold.
Jewellery
 d - a ring of protection from cold
 l - a ring of resist corrosion (left hand)
 p - a ring of see invisible (right hand)
Scrolls
 f - a scroll of identify
Potions
 a - a potion of attraction {unknown}
 g - a potion of berserk rage {unknown}
 i - 2 potions of haste
 j - a potion of invisibility {unknown}
 k - a potion of enlightenment {unknown}
 m - a potion of might
 n - a potion of lignification {unknown}

Dungeon Overview and Level Annotations

Branches:
Dungeon (6/15)             Temple (1/1) D:5

Altars:
Ashenzari
Cheibriados
Elyvilon
Fedhas
Gozag
Nemelex Xobeh
Qazlal
Sif Muna
Wu Jian
Yredelemnul
The Shining One

Shops:
D:4 =

Annotations:
D:3 3 runed translucent doors, qw's ghost, amateur MiHs


Message History

You shoot an arrow. The arrow completely misses the iguana.
The arrow hits the gnoll but does no damage.
The gnoll is severely wounded.
The gnoll closely misses you. The gnoll misses you.
The gnoll sergeant hits you from afar with a +0 spear.
The iguana bites you but does no damage.
You shoot an arrow. The arrow barely misses the iguana.
The arrow hits the gnoll but does no damage.
The gnoll is severely wounded.
The gnoll hits you but does no damage. x2
The gnoll sergeant hits you from afar with a +0 spear.
The iguana bites you but does no damage.
You shoot an arrow. The arrow barely misses the iguana.
The arrow hits the gnoll.
The gnoll is almost dead.
The gnoll hits you from afar with a +0 spear.
The gnoll sergeant barely misses you. The iguana barely misses you.
The gnoll hits you from afar with a +0 spear.
You shoot an arrow. The arrow hits the iguana.
The iguana is almost dead.
The gnoll hits you but does no damage. The gnoll barely misses you.
The gnoll sergeant hits you from afar with a +0 spear.
The iguana barely misses you.
You shoot an arrow. The arrow barely misses the iguana.
The arrow hits the gnoll.
You kill the gnoll!
The gnoll hits you but does no damage. The gnoll sergeant misses you.
The iguana bites you.
You shoot an arrow. The arrow barely misses the iguana.
The arrow hits the gnoll.
The gnoll is moderately wounded.
The gnoll barely misses you. The gnoll hits you but does no damage.
The gnoll sergeant hits you from afar with a +0 spear!
The iguana closely misses you.
You shoot an arrow. The arrow completely misses the iguana.
The arrow hits the gnoll.
The gnoll is heavily wounded.
The gnoll closely misses you.
The gnoll sergeant hits you from afar with a +0 spear!
You die...

.. .#.#.# ....
#....# .. g.
..... #. [##..#
#. .#..# #.
gg..####.#
#.###l#.......#
#...@##.$#
#.<...g..#
#<..##.######
#.# #.# # #.#
#.# #.. ###


You could see a gnoll sergeant, an iguana and 2 gnolls.

Vanquished Creatures
  Menkaure (D:4)
  2 water moccasins (D:5)
  2 centaurs (D:5)
  2 scorpions (D:5)
  A howler monkey (D:5)
  A jelly (D:4)
  Robin (D:2)
  A gnoll (D:6)
  4 adders
  A white imp (D:5)
  An ufetubus (D:4)
  6 worms (D:2)
  5 orcs
  10 ball pythons
  5 bats
  2 endoplasms
  2 giant cockroaches (D:1)
  15 goblins
  6 hobgoblins
  3 jackals (D:1)
  3 quokkas
  6 frilled lizards
  11 kobolds
  23 rats
114 creatures vanquished.

Vanquished Creatures (others)
  A frilled lizard (D:2)
1 creature vanquished.

Grand Total: 115 creatures vanquished

Notes
Turn   | Place    | Note
-------+----------+-------------------------------------------
     0 | D:1      | qw the Gargoyle Hexslinger began the quest for the Orb.
     0 | D:1      | Reached XP level 1. HP: 12/12 MP: 2/2
     0 | D:1      | 0 ||| qw: Version: 0.3-a-46-gb1f654a
     0 | D:1      | 0 ||| qw: Game counter: 1408
     0 | D:1      | 0 ||| qw: Melee chars always use a shield: true
     0 | D:1      | 0 ||| qw: God list: Okawaru
     0 | D:1      | 0 ||| qw: Allow faded altars: false
     0 | D:1      | 0 ||| qw: Do Orc after clearing Dungeon:15 true
     0 | D:1      | 0 ||| qw: Do second Lair branch before Depths: true
     0 | D:1      | 0 ||| qw: Lair rune preference: random
     0 | D:1      | 0 ||| qw: Goals: Normal
     0 | D:1      | 0 ||| PLANNING D:1-11
    78 | D:1      | Reached XP level 2. HP: 16/16 MP: 3/3
   236 | D:1      | Reached skill level 3 in Ranged Weapons
   351 | D:1      | Reached XP level 3. HP: 21/21 MP: 4/4
   685 | D:1      | 685 ||| UPGRADING to +0 leather armour.
   695 | D:1      | 695 ||| DROPPING +0 robe.
   696 | D:1      | 696 ||| DROPPING ring of magical power.
   697 | D:1      | 697 ||| READING scroll labelled HUSHRA KOSIO.
   698 | D:1      | 698 ||| DRINKING 2 fizzy silvery potions.
   699 | D:1      | 699 ||| DRINKING 2 fuming sapphire potions.
   700 | D:1      | 700 ||| DROPPING scroll of poison.
   847 | D:2      | 847 ||| FLEEEEING.
   848 | D:2      | 848 ||| FLEEEEING.
   861 | D:2      | Noticed Robin
   882 | D:2      | 882 ||| Stepping ~*~*~tactically~*~*~ (outnumbered).
   884 | D:2      | Killed Robin
   885 | D:2      | Reached XP level 4. HP: 19/26 MP: 5/5
   885 | D:2      | 885 ||| FLEEEEING.
   886 | D:2      | 886 ||| FLEEEEING.
   887 | D:2      | 887 ||| FLEEEEING.
   888 | D:2      | 888 ||| FLEEEEING.
   889 | D:2      | 889 ||| FLEEEEING.
   890 | D:2      | 890 ||| FLEEEEING.
   891 | D:2      | 891 ||| FLEEEEING.
   892 | D:2      | 892 ||| FLEEEEING.
   893 | D:2      | 893 ||| FLEEEEING.
   894 | D:2      | 894 ||| FLEEEEING.
   895 | D:2      | 895 ||| FLEEEEING.
   896 | D:2      | 896 ||| FLEEEEING.
   897 | D:2      | 897 ||| STAIRDANCE
   917 | D:2      | 917 ||| STAIRDANCE
   925 | D:1      | Reached skill level 4 in Ranged Weapons
   975 | D:2      | 975 ||| STAIRDANCE
  1268 | D:2      | Found a faded altar of an unknown god.
  1765 | D:2      | 1765 ||| UPGRADING to +0 helmet.
  1770 | D:2      | 1770 ||| READING scroll labelled ZUFU TUILOU.
  1774 | D:2      | 1774 ||| READING scroll labelled XUPUNY IRIUSUWA.
  1775 | D:2      | 1775 ||| READING scroll labelled DEMNUDW BURU.
  1776 | D:2      | 1776 ||| READING scroll labelled KAKEUJ LIOWO.
  1777 | D:2      | 1777 ||| READING scroll labelled ELOTE NUUCK.
  1778 | D:2      | 1778 ||| DRINKING 2 bubbling red potions.
  1802 | D:3      | Reached XP level 5. HP: 30/30 MP: 6/6
  1980 | D:3      | Reached skill level 5 in Ranged Weapons
  2063 | D:3      | 2063 ||| READING scroll of enchant weapon.
  2063 | D:3      | 2063 ||| ENCHANTING +2 sling.
  2074 | D:3      | Found a runed translucent gate.
  2074 | D:3      | Found a runed translucent gate.
  2074 | D:3      | Found a runed translucent gate.
  2075 | D:3      | Found an opulent altar of Gozag.
  2076 | D:3      | Noticed qw's ghost (amateur MiHs)
  2076 | D:3      | Noticed a steam dragon
  2334 | D:3      | 2334 ||| UPGRADING to ring of resist corrosion.
  2335 | D:3      | 2335 ||| READING scroll labelled PEMYN URIENY.
  2356 | D:3      | 2356 ||| READING scroll labelled HILAECUEGA.
  2433 | D:4      | Found a stormy altar of Qazlal.
  2460 | D:4      | Identified the +0 leather armour "Jemoetho" {*Corrode rPois
                  | Int+8 Dex-5}
  2477 | D:4      | Identified the +0 leather armour of Patience {rF+ rC++}
  2497 | D:4      | Reached skill level 3 in Fighting
  2598 | D:4      | Noticed Menkaure
  2600 | D:4      | 2600 ||| FLEEEEING.
  2601 | D:4      | 2601 ||| FLEEEEING.
  2602 | D:4      | 2602 ||| FLEEEEING.
  2603 | D:4      | 2603 ||| FLEEEEING.
  2604 | D:4      | 2604 ||| FLEEEEING.
  2618 | D:4      | Killed Menkaure
  2619 | D:4      | Reached XP level 6. HP: 36/37 MP: 7/7
  2634 | D:4      | Found Dyes's Jewellery Shoppe.
  2646 | D:4      | 2646 ||| SHOPLISTING +5 ring of evasion (360 gold, have
                  | 210).
  2646 | D:4      | 2646 ||| SHOPLISTING +6 ring of strength (360 gold, have
                  | 210).
  2646 | D:4      | 2646 ||| SHOPLISTING amulet of faith (400 gold, have 210).
  2646 | D:4      | 2646 ||| SHOPLISTING amulet of the acrobat (300 gold, have
                  | 210).
  2646 | D:4      | 2646 ||| SHOPLISTING ring of protection from cold (250
                  | gold, have 210).
  2646 | D:4      | 2646 ||| BUYING ring of see invisible (150 gold).
  2646 | D:4      | Bought a ring of see invisible for 150 gold pieces
  2715 | D:4      | 2715 ||| READING scroll of enchant weapon.
  2715 | D:4      | 2715 ||| ENCHANTING +3 sling.
  2732 | D:4      | 2732 ||| DROPPING +0 leather armour "Jemoetho" {*Corrode
                  | rPois Int+8 Dex-5}.
  2733 | D:4      | 2733 ||| UPGRADING to +0 leather armour of Patience {rF+
                  | rC++}.
  2743 | D:4      | 2743 ||| DROPPING +0 leather armour.
  2744 | D:4      | 2744 ||| UPGRADING to ring of see invisible.
  2745 | D:4      | 2745 ||| READING scroll labelled JELUTHR RUEL.
  2788 | D:5      | Entered Level 5 of the Dungeon
  2817 | D:5      | Reached skill level 6 in Ranged Weapons
  2866 | D:5      | Noticed a water moccasin
  2877 | D:5      | Killed a water moccasin
  2878 | D:5      | Reached XP level 7. HP: 34/41 MP: 8/8
  2959 | D:5      | HP: 6/41 [centaur/arrow (10)]
  2960 | D:5      | 2960 ||| READING scroll of teleportation.
  2961 | D:5      | 2961 ||| DRINKING potion of heal wounds.
  3069 | D:5      | 3069 ||| SWAPPING to +0 shortbow.
  3070 | D:5      | 3070 ||| DROPPING +4 sling.
  3440 | D:5      | Reached skill level 7 in Ranged Weapons
  3533 | D:5      | Found a staircase to the Ecumenical Temple.
  3534 | D:5      | 3534 ||| PLANNING TEMPLE
  3534 | D:5      | 3534 ||| READING scroll labelled CYARUCV QIER.
  3535 | D:5      | 3535 ||| READING scroll labelled CUV NAUGRUAR.
  3535 | D:5      | Identified a scroll of acquirement
  3535 | D:5      | 3535 ||| ACQUIRING 882 gold pieces
  3535 | D:5      | Acquired 882 gold pieces
  3542 | Temple   | Entered the Ecumenical Temple
  3634 | Temple   | 3634 ||| PLANNING D:1-11
  3853 | D:5      | 3853 ||| UPGRADING to +0 cloak.
  3898 | D:6      | 3898 ||| STAIRDANCE
  3904 | D:5      | Reached XP level 8. HP: 40/48 MP: 9/9
  3940 | D:6      | 3940 ||| Stepping ~*~*~tactically~*~*~ (outnumbered).
  3943 | D:6      | 3943 ||| Stepping ~*~*~tactically~*~*~ (outnumbered).
  3945 | D:6      | 3945 ||| Stepping ~*~*~tactically~*~*~ (outnumbered).
  3948 | D:6      | 3948 ||| Stepping ~*~*~tactically~*~*~ (outnumbered).
  3949 | D:6      | 3949 ||| Stepping ~*~*~tactically~*~*~ (outnumbered).
  3960 | D:6      | HP: 11/48 [gnoll sergeant/+0 spear (7)]
  3961 | D:6      | Slain by a gnoll sergeant

Levels and vault maps discovered:
D:1:      ldierk_walled_garden, layout_loops_ring, hangedman_decor_growths
D:2:      layout_loops_corners, shapermc_ecumenical_altar_acropolis, uniq_robin
D:3:      layout_rooms, ebering_ghost_gozag, minmay_rat_hole
D:4:      layout_rooms, pf_just_have_faith, serial_shops,
          nicolae_shop_just_a_little_nook, uniq_menkaure
D:5:      nicolae_BIG_FREAKIN_CUBE, layout_loops_ring, minmay_temple_entry_hall,
          kennysheep_cluttered_room
D:6:      lemuel_slime, layout_loops_ring, serial_glass, glass_columns_a,
          glass_columns_b, item_on_display_a, due_unseen_surprise,
          item_on_display_a, nicolae_letterblocks [nicolae_letter_subblock,
          nicolae_letter_subblock, nicolae_letter_subblock,
          nicolae_letter_subblock, nicolae_letter_subblock,
          nicolae_letter_subblock, nicolae_letter_subblock,
          nicolae_letter_subblock, nicolae_letter_subblock,
          nicolae_letter_subblock, nicolae_letter_subblock,
          nicolae_letter_subblock, nicolae_letter_subblock,
          nicolae_letter_subblock, nicolae_letter_subblock,
          nicolae_letter_subblock, nicolae_letter_subblock,
          nicolae_letter_subblock, nicolae_letter_subblock,
          nicolae_letter_subblock, nicolae_letter_subblock,
          nicolae_letter_subblock, nicolae_letter_subblock,
          nicolae_letter_subblock, nicolae_letter_subblock]
Temple:   compressed_dpeg_circular_temple

Skill      XL: |  1  2  3  4  5  6  7 |
---------------+----------------------+-----
Ranged Weapons | 3 4 5 6 7 |  7.7
Fighting       | 2 3 4 |  4.0
Armour         | 2 |  2.7
Dodging        | |  1.5
Spellcasting   | |  1.0
Hexes          | |  2.6

Action                     |  1- 3 |  4- 6 |  7- 9 || total
---------------------------+-------+-------+-------++-------
   Fire: Sling             |   118 |   204 |    18 ||   340
         Shortbow          |       |       |    72 ||    72
    Use: Potion            |     2 |     1 |     1 ||     4
         Scroll            |     1 |    10 |     3 ||    14
 Armour: Robe              |    14 |       |       ||    14
         Leather armour    |    12 |    31 |    38 ||    81
  Dodge: Dodged            |    44 |    61 |    49 ||   154

Table legend:
 A = Non-vault XP
 B = Vault XP
 C = Vault XP percentage of total XP
 D = Non-vault monster count
 E = Vault monster count
 F = Vault count percentage of total count
                 A         B        C        D         E       F
            +---------+---------+-------+---------+---------+-------
      Total |    1012 |     207 |  17.0 |      82 |      32 |  28.1
            +---------+---------+-------+---------+---------+-------
        D:1 |      45 |       3 |   6.2 |      27 |       2 |   6.9
        D:2 |      73 |      30 |  29.1 |      19 |      10 |  34.5
        D:3 |      40 |      20 |  33.3 |      17 |      19 |  52.8
        D:4 |      60 |     154 |  72.0 |       8 |       1 |  11.1
        D:5 |     780 |       0 |   0.0 |      10 |       0 |   0.0
        D:6 |      14 |       0 |   0.0 |       1 |       0 |   0.0
            +---------+---------+-------+---------+---------+-------
